 Dungeon Sprint DCSS version 0.28.0-53-g5a82cb258f (webtiles) character file.

Game seed: 5552598719017838056

82 Zeld the Chopper (level 4, -7/44 HPs)
             Began as a Minotaur Berserker on June 16, 2022.
             Was a Believer of Trog.
             Mangled by a water elemental (12 damage)
             ... in the Dungeon (Sprint III: "The Ten Rune Challenge").
             The game lasted 00:00:33 (571 turns).

Zeld the Chopper (Minotaur Berserker)                Turns: 571, Time: 00:00:34

Health: -7/44      AC:  2    Str: 23    XL:     4   Next: 21%
Magic:  3/3        EV: 13    Int:  4    God:    Trog [**....]
Gold:   19         SH:  0    Dex: 10    Spells: 3/3 levels left

rFire   . . .      SeeInvis .   a - +0 hand axe
rCold   . . .      Faith    .   (no shield)
rNeg    . . .      Spirit   .   b - +0 animal skin
rPois   .          Reflect  .   (helmet restricted)
rElec   .          Harm     .   (no cloak)
rCorr   .          Rampage  .   (no gloves)
Will    .....      NoTele   +   (no boots)
Stlth   +.........              (no amulet)
HPRegen 0.14/turn               (no ring)
MPRegen 0.08/turn               (no ring)

@: engulfed (cannot breathe), on berserk cooldown, slowed, very slow
A: horns 2, retaliatory headbutt
a: Renounce Religion, Berserk, Trog's Hand


You were in the Dungeon.
You worshipped Trog.
Trog was pleased with you.
You visited 1 branch You collected 19 gold pieces.

Inventory:

Hand Weapons
 a - a +0 hand axe (weapon)
Armour
 b - a +0 animal skin (worn)
Scrolls
 h - a scroll of blinking
 i - a scroll of torment {unknown}
 j - a scroll of identify {unknown}
 m - a scroll of immolation {unknown}
 n - a scroll of enchant armour {unknown}
Potions
 e - 2 potions of haste
 f - 2 potions of magic
 g - a potion of berserk rage
 k - a potion of brilliance {unknown}
 l - 4 potions of mutation
 o - a potion of flight {unknown}


   Skills:
 + Level 6.1 Fighting
 * Level 7.9 Axes
 - Level 2.4 Armour
 + Level 5.0 Dodging


You had 3 spell levels left.
You didn't know any spells.
Your spell library was empty.

Dungeon Overview and Level Annotations

Branches:
Dungeon (1/1)

Altars:


Innate Abilities, Weirdness & Mutations

You have a pair of horns on your head.
You reflexively headbutt those who attack you in melee.


Message History

Unknown command.
Unknown command.
You barely miss the water elemental.
The water elemental closely misses you. x2
You hit the water elemental. You headbutt the water elemental.
The water elemental is moderately damaged.
The water elemental hits you.
The water elemental engulfs you in water!
Okay, then.
You slip free of the water engulfing you.
You gasp with relief as air once again reaches your lungs.
The water elemental misses you.
You slash the water elemental!
The water elemental is heavily damaged.
The water elemental hits you!
The water elemental engulfs you in water!
You barely miss the water elemental.
You headbutt the water elemental, but do no damage.
The water elemental is heavily damaged.
Your lungs strain for air!
The water elemental misses you.
You barely miss the water elemental.
Your headbutt misses the water elemental.
The water elemental is heavily damaged.
Your lungs strain for air!
The water elemental closely misses you. The water elemental hits you.
* * * LOW HITPOINT WARNING * * *
Unknown command.
You feel much better.
Your lungs strain for air!
The water elemental closely misses you. You furiously retaliate!
You headbutt the water elemental!
You feel better.
Your lungs strain for air!
The water elemental barely misses you. x2
You hit the water elemental but do no damage.
The water elemental is severely damaged.
* * * LOW HITPOINT WARNING * * *
Your lungs strain for air!
The water elemental hits you!
You die...

▓▓▓▓▓▓▓▓ ▓▓▓ .'.....♣♣
♣.# .#......♣ ♣.#
##....♣♣♣ ♣.# .#....≈♣
♣♣♣.###+#+###+#
.#...≈≈♣♣♣...#..........
(#..≈≈≈≈.....'.E@.......
'#..≈≈≈≈≈≈...#...######+
†#.≈≈≈≈≈≈....#.⌠.#
.#.≈≈≈≈≈.....#...#
.#.≈≈≈.......#+###
##...........#
.............#
▓▓▓▓▓▓▓▓▓▓▓▓▓▓


You could see a water elemental.

Vanquished Creatures
  A scorpion (D)
  A human (D)
  An endoplasm (D)
  3 rats (D)
6 creatures vanquished.

Notes
Turn   | Place    | Note
-------+----------+-------------------------------------------
     0 | D        | Zeld the Minotaur Berserker began the quest for the Orb.
     0 | D        | Reached XP level 1. HP: 19/19 MP: 0/0
     7 | D        | Reached skill level 4 in Axes
    12 | D        | Reached ** piety under Trog
    35 | D        | Reached skill level 5 in Axes
    35 | D        | Reached XP level 2. HP: 28/28 MP: 1/1
   188 | D        | Noticed a scorpion
   195 | D        | Killed a scorpion
   196 | D        | Reached skill level 7 in Axes
   196 | D        | Reached skill level 5 in Dodging
   196 | D        | Reached XP level 3. HP: 27/37 MP: 2/2
   196 | D        | Reached XP level 4. HP: 32/44 MP: 3/3
   558 | D        | Noticed a water elemental
   571 | D        | Mangled by a water elemental

Illustrated notes

Levels and vault maps discovered:
D:        dungeon_sprint_mu [sprint_mu_entry_forest, sprint_mu_temple_rooms,
          sprint_mu_d1_spiders, sprint_mu_d2_genie, sprint_mu_d3_branching,
          sprint_mu_orc_legion, sprint_mu_elf_gauntlet, sprint_mu_hive_nellie,
          sprint_mu_lair_fedhas, sprint_mu_vaults_butterflies,
          sprint_mu_slime_circle, sprint_mu_swamp_cave, sprint_mu_snake_twists,
          sprint_mu_blade_basic, sprint_mu_crypt_chambers,
          sprint_mu_tomb_spiral, sprint_mu_vestibule_basic,
          sprint_mu_gehenna_hellfire, sprint_mu_dis_giant,
          sprint_mu_tartarus_statrot, sprint_mu_cocytus_islands, sprint_mu_zot1]

Skill      XL: |  1  2 |
---------------+-------+-----
Axes           | 5 7 |  7.9
Fighting       | 4 6 |  6.1
Dodging        | 3 5 |  5.0
Armour         | |  2.4

Action                   |  1- 3 |  4- 6 || total
-------------------------+-------+-------++-------
Melee: Hand axe          |    12 |     6 ||    18
       Headbutt          |     3 |     2 ||     5
Invok: Berserk           |     2 |     1 ||     3
  Use: Potion            |       |     2 ||     2
Armor: Animal skin       |     1 |       ||     1
Dodge: Dodged            |     5 |    10 ||    15
